 Dungeon Sprint DCSS version 0.31-a0-799-g6bc09d010c (webtiles) character file.

Game seed: 16832355056929229657

12746 sircluck the Brawler (level 11, -1/131 HPs)
             Began as a Troll Berserker on Sept 19, 2023.
             Was a High Priest of Trog.
             Slain by a black mamba (17 damage)
             ... in the Dungeon (Sprint III: "The Ten Rune Challenge").
             The game lasted 00:04:17 (967 turns).

sircluck the Brawler (Troll Berserker)               Turns: 967, Time: 00:04:17

Health: -1/131     AC:  4    Str: 30    XL:     11   Next: 66%
Magic:  10/10      EV: 16    Int:  2    God:    Trog [*****.]
Gold:   36         SH:  0    Dex: 13    Spells: 10/10 levels left

rFire   . .          .
                       - Unarmed
rCold   . . .        (no shield)
rNeg    . . .        a - +0 animal skin
rPois   +            n - +0 hat {Stlth+}
rElec   .            (no cloak)
rCorr   .            (gloves unavailable)
SInv    .            (boots unavailable)
Will    .....        (no amulet)
Stlth   ++           (no ring)
HPRegen 1.21/turn    (no ring)
MPRegen 0.12/turn

%: no teleportation
@: on berserk cooldown, hasted and slowed
A: large, unfitting armour, claws 3, regeneration 1, shaggy fur 1, tough skin 1,
agile 1, sense surroundings 1, poison resistance
a: Renounce Religion, Berserk, Trog's Hand, Brothers in Arms


You were in the Dungeon.
You worshipped Trog.
Trog was extremely pleased with you.
You visited 1 branch You collected 36 gold pieces.

Inventory:

Armour
 a - a +0 animal skin (worn)
 n - a +0 hat of stealth (worn)
Scrolls
 g - a scroll of blinking
 i - a scroll of poison {unknown}
 j - 3 scrolls of identify
 l - a scroll of torment {unknown}
Potions
 b - a potion of curing
 c - a potion of heal wounds
 e - 2 potions of magic
 f - a potion of berserk rage
 h - a potion of mutation
 k - 3 potions of enlightenment
 m - a potion of cancellation {unknown}


   Skills:
 + Level 14.8 Fighting
 + Level 14.6 Dodging
 + Level 17.2 Unarmed Combat


You had 10 spell levels left.
You didn't know any spells.
Your spell library was empty.

Dungeon Overview and Level Annotations

Branches:
Dungeon (1/1)

Altars:
Dithmenos
Elyvilon
Kikubaaqudgha
Okawaru
Ru
Sif Muna
Trog
Uskayaw
Vehumet
Wu Jian
Yredelemnul
Zin
The Shining One

Annotations:
D exclusion: 2 doors


Innate Abilities, Weirdness & Mutations

You are too large for most types of armour.
You have claws for hands.
Your natural rate of healing is unusually fast.
You are covered in fur. (AC +1)
You have tough skin. (AC +1)
You are agile. (Dex +4, Str/Int -1)
You passively map a small area around you.
Your system is resistant to poisons. (rPois)


Message History

The black mamba bites you!! The black mamba bites you!
The black mamba barely misses you. The black mamba bites you!
You are too injured to fight recklessly!
You are too injured to fight recklessly!
You are too injured to fight recklessly!
You are too injured to fight recklessly!
You are too injured to fight recklessly!
You are too injured to fight recklessly!
You are too injured to fight recklessly!
You are too injured to fight recklessly!
You are too injured to fight recklessly!
You're still recovering from your berserk rage.
The black mamba attacks as it pursues you!
The black mamba closely misses you.
The black mamba bites you but does no damage.
The black mamba bites you! The black mamba barely misses you.
The black mamba bites you.
You feel yourself speed up.
The black mamba bites you but does no damage.
The black mamba bites you. The black mamba barely misses you.
The black mamba bites you. x2
Unknown command.
You mangle the black mamba!!
The black mamba is severely wounded.
The black mamba bites you!
* * * LOW HITPOINT WARNING * * *
The black mamba closely misses you. The black mamba bites you.
* * * LOW HITPOINT WARNING * * *
You eviscerate the black mamba!!!
You kill the black mamba!
Trog accepts your kill. The black mamba closely misses you.
Unknown command.
Unknown command.
You miss the black mamba. The black mamba bites you!
* * * LOW HITPOINT WARNING * * *
You feel better. The black mamba bites you!
* * * LOW HITPOINT WARNING * * *
The black mamba bites you!
You die...

▓..P#~~≈~§~~~≈)'.....#.†♣♣♣
▓..P#~≈~§§§§~~♣♣♣♣♣♣♣#..♣*
▓..)#≈~≈~.≈~~≈♣ ###+
▓##'####+#######♣ * *
▓......).)......♣♣
▓#+#############'♣ ,
.J.#~P..††.†....♣
▓..J+~~.†.########♣ * **
▓..J#~~~..@......PP *
▓...#~~~~..S.P....P
#+#############+### * , , ,
* * *, * , * , ,, * ,,* , ,
*


You could see 2 azure jellies and a black mamba.

Vanquished Creatures
  Gastronok (D)
  A dire elephant (D)
  Erolcha (D)
  3 death yaks (D)
  A deep elf pyromancer (D)
  A black mamba (D)
  2 cane toads (D)
  A rime drake (D)
  A komodo dragon (D)
  8 blink frogs (D)
  A shadow (D)
  3 wandering mushrooms (D)
  2 redbacks (D)
  A swamp drake (D)
  5 two-headed ogres (D)
  A scorpion (D)
  A necrophage (D)
  A water elemental (D)
  A jelly (D)
  A wizard (D)
  A necromancer (D)
  3 humans (D)
  A kobold demonologist (D)
  4 rats (D)
46 creatures vanquished.

Vanquished Creatures (collateral kills)
  Rupert (D)
  A dire elephant (D)
  A death yak (D)
  2 elephants (D)
5 creatures vanquished.

Grand Total: 51 creatures vanquished

Notes
Turn   | Place    | Note
-------+----------+-------------------------------------------
     0 | D        | sircluck the Troll Berserker began the quest for the Orb.
     0 | D        | Reached XP level 1. HP: 22/22 MP: 0/0
    15 | D        | Reached ** piety under Trog
    43 | D        | Reached skill level 4 in Unarmed Combat
    43 | D        | Reached XP level 2. HP: 25/31 MP: 1/1
    50 | D        | Noticed a scorpion
    59 | D        | Killed a scorpion
    60 | D        | Reached skill level 5 in Unarmed Combat
    60 | D        | Reached XP level 3. HP: 20/40 MP: 2/2
    60 | D        | Reached XP level 4. HP: 24/49 MP: 3/3
   117 | D        | Gained mutation: You passively map a small area around you.
                  | [potion of mutation]
   117 | D        | Gained mutation: Your system is resistant to poisons.
                  | (rPois) [potion of mutation]
   117 | D        | Gained mutation: You are agile. (Dex +4, Str/Int -1)
                  | [potion of mutation]
   132 | D        | Noticed a water elemental
   136 | D        | Killed a water elemental
   136 | D        | Reached *** piety under Trog
   137 | D        | Reached skill level 5 in Fighting
   137 | D        | Reached skill level 5 in Dodging
   137 | D        | Reached skill level 6 in Unarmed Combat
   277 | D        | Found a radiant altar of Vehumet.
   277 | D        | Found a shimmering blue altar of Sif Muna.
   277 | D        | Found an ancient bone altar of Kikubaaqudgha.
   277 | D        | Noticed a wizard
   285 | D        | Reached XP level 5. HP: 57/57 MP: 4/4
   293 | D        | Reached skill level 7 in Unarmed Combat
   310 | D        | Found a hide-covered altar of Uskayaw.
   310 | D        | Found an iron altar of Okawaru.
   310 | D        | Found a bloodstained altar of Trog.
   310 | D        | Found an ornate altar of the Wu Jian Council.
   310 | D        | Noticed a human
   311 | D        | Noticed a human
   323 | D        | Killed a human
   323 | D        | Reached **** piety under Trog
   324 | D        | Reached skill level 8 in Unarmed Combat
   324 | D        | Reached XP level 6. HP: 18/68 MP: 5/5
   324 | D        | Killed a human
   366 | D        | Found a basalt altar of Yredelemnul.
   366 | D        | Found a shadowy altar of Dithmenos.
   366 | D        | Found a sacrificial altar of Ru.
   371 | D        | Reached skill level 9 in Unarmed Combat
   373 | D        | Reached XP level 7. HP: 65/79 MP: 6/6
   387 | D        | Found a glowing silver altar of Zin.
   388 | D        | Found a glowing golden altar of the Shining One.
   388 | D        | Found a white marble altar of Elyvilon.
   388 | D        | Noticed a deep elf pyromancer
   394 | D        | Killed a deep elf pyromancer
   395 | D        | Reached skill level 10 in Unarmed Combat
   410 | D        | Noticed a shadow
   411 | D        | Killed a shadow
   411 | D        | Reached ***** piety under Trog
   412 | D        | Reached XP level 8. HP: 92/92 MP: 7/7
   431 | D        | Reached skill level 11 in Unarmed Combat
   474 | D        | Noticed a two-headed ogre
   478 | D        | Killed a two-headed ogre
   504 | D        | Noticed Erolcha
   505 | D        | Noticed a two-headed ogre
   513 | D        | Killed a two-headed ogre
   514 | D        | Reached skill level 10 in Fighting
   514 | D        | Reached skill level 10 in Dodging
   517 | D        | Killed Erolcha
   518 | D        | Reached skill level 12 in Unarmed Combat
   518 | D        | Reached XP level 9. HP: 14/102 MP: 8/8
   586 | D        | Received a gift from Trog
   599 | D        | Noticed a wandering mushroom
   647 | D        | Noticed a wandering mushroom
   649 | D        | Noticed a wandering mushroom
   656 | D        | Reached skill level 13 in Unarmed Combat
   677 | D        | Noticed a cane toad
   677 | D        | Noticed a komodo dragon
   677 | D        | Noticed a cane toad
   682 | D        | Killed a cane toad
   683 | D        | Killed a cane toad
   686 | D        | Killed a komodo dragon
   686 | D        | Received a gift from Trog
   687 | D        | Reached XP level 10. HP: 115/115 MP: 9/9
   696 | D        | Reached skill level 14 in Unarmed Combat
   750 | D        | Reached ****** piety under Trog
   756 | D        | Received a gift from Trog
   850 | D        | Noticed an elephant
   850 | D        | Noticed an elephant
   852 | D        | Killed an elephant
   852 | D        | Noticed a dire elephant
   852 | D        | Noticed a dire elephant
   853 | D        | Killed an elephant
   856 | D        | Noticed Gastronok
   857 | D        | Killed a dire elephant
   858 | D        | Reached skill level 15 in Unarmed Combat
   867 | D        | Killed a dire elephant
   874 | D        | Killed Gastronok
   875 | D        | Reached XP level 11. HP: 128/128 MP: 10/10
   906 | D        | Noticed an azure jelly
   906 | D        | Noticed an azure jelly
   906 | D        | Noticed an azure jelly
   906 | D        | Noticed an azure jelly
   908 | D        | Noticed Rupert
   916 | D        | Killed Rupert
   916 | D        | Received a gift from Trog
   917 | D        | Reached skill level 16 in Unarmed Combat
   926 | D        | Noticed a death yak
   927 | D        | Noticed a death yak
   930 | D        | Noticed a death yak
   934 | D        | Killed a death yak
   939 | D        | Noticed a death yak
   941 | D        | Killed a death yak
   944 | D        | Killed a death yak
   950 | D        | Killed a death yak
   951 | D        | Reached skill level 17 in Unarmed Combat
   967 | D        | Slain by a black mamba

Illustrated notes

Levels and vault maps discovered:
D:        dungeon_sprint_mu [sprint_mu_entry_forest, sprint_mu_temple_rooms,
          sprint_mu_d1_spiders, sprint_mu_d2_genie, sprint_mu_d3_branching,
          sprint_mu_orc_legion, sprint_mu_elf_gauntlet, sprint_mu_hive_nellie,
          sprint_mu_lair_fedhas, sprint_mu_vaults_butterflies,
          sprint_mu_slime_circle, sprint_mu_shoals_archi,
          sprint_mu_snake_twists, sprint_mu_blade_basic, sprint_mu_crypt_lich,
          sprint_mu_tomb_spiral, sprint_mu_vestibule_basic,
          sprint_mu_gehenna_hellfire, sprint_mu_dis_giant,
          sprint_mu_tartarus_statrot, sprint_mu_cocytus_islands, sprint_mu_zot1]

Skill      XL: |  1  2  3  4  5  6  7  8  9 10 11 |
---------------+----------------------------------+-----
Fighting       | 3 4 5 6 7 9 10 11 13 14 | 14.8
Dodging        | 3 4 5 6 7 9 10 11 13 14 | 14.6
Unarmed Combat | 4 5 6 8 9 10 12 13 15 17 | 17.2

Action                     |  1- 3 |  4- 6 |  7- 9 | 10-12 || total
---------------------------+-------+-------+-------+-------++-------
  Melee: Unarmed           |    24 |    28 |    65 |    56 ||   173
         Punch             |       |       |     5 |     5 ||    10
 Invoke: Berserk           |       |     2 |     2 |     3 ||     7
         Brothers in Arms  |       |       |       |     2 ||     2
    Use: Potion            |       |     1 |       |     3 ||     4
 Armour: Animal skin       |    14 |    16 |    23 |    49 ||   102
  Dodge: Dodged            |     6 |    11 |    41 |    49 ||   107

Table legend: (Time is in decaauts)
 A = Elapsed time spent in this place.
 B = Non-inter-level travel time spent in this place.
 C = Inter-level travel time spent in this place.
 D = Time resting spent in this place.
 E = Time spent auto-exploring this place.
 F = Levels seen in this place.
 G = Mean time per level.
                   A        B        C        D        E       F      G
               +--------+--------+--------+--------+--------+-----+--------+
         Total |    984 |    966 |     18 |    505 |     82 |   1 |  984.0 |
       Dungeon |    984 |    966 |     18 |    505 |     82 |   1 |  984.0 |
               +--------+--------+--------+--------+--------+-----+--------+

Top non-repeatable levels by time:
       D: 984 daAuts
